TOP OF THE 1ST |
Elizabethton Twins batting - Pitching for Boston (APP) Red Sox : RHP Jim Horwood
|
Pitching: RHP Jim Horwood
|
|
Batting: RHB Nestor Moreno
|
0-0: Ball 1-0: Ball 2-0: Foul Ball, location: 2F 2-1: Ball 3-1: Swinging Strike 3-2: Foul Ball, location: 2F 3-2: Base on Balls
|
Batting: RHB David McDonald
|
0-0: Ball 1-0: Foul Ball, location: 2F 1-1: Fielders Choice at 2nd, 6-4 (Groundball, 6, EV 86.9 MPH)
|
Batting: LHB Ryuuichi Shintani
|
0-0: Called Strike 0-1: Ball David McDonald is caught stealing 2nd base 2-6 1-1: Ball 2-1: Called Strike 2-2: Fly out, F7 (Flyball, 78M, EV 78.8 MPH)
|
Top of the 1st over - 0 runs, 0 hits, 0 errors, 0 left on base; Elizabethton 0 - Boston (APP) 0 |
BOTTOM OF THE 1ST |
Boston (APP) Red Sox batting - Pitching for Elizabethton Twins : LHP Chris Smith
|
Pitching: LHP Chris Smith
|
|
Batting: RHB Estevan Carrillo
|
0-0: Called Strike 0-1: Ball 1-1: Ball 2-1: Ball 3-1: Base on Balls
|
Batting: RHB Bob Reichley
|
0-0: Ball 1-0: Called Strike 1-1: Foul Ball, location: 2F 1-2: Strikes out looking
|
Batting: RHB Felix Rangel
|
0-0: Called Strike 0-1: Foul Ball, location: 2F 0-2: Ball 1-2: Strikes out swinging
|
Batting: RHB Kirk Cully
|
0-0: Called Strike 0-1: Ball 1-1: Swinging Strike 1-2: Ball 2-2: Ball 3-2: Foul Ball, location: 2F 3-2: Base on Balls Estevan Carrillo to second
|
Batting: RHB Chris Zubia
|
0-0: Foul Ball, location: 2F 0-1: Called Strike 0-2: Foul Ball, location: 2F 0-2: Strikes out swinging
|
Bottom of the 1st over - 0 runs, 0 hits, 0 errors, 2 left on base; Elizabethton 0 - Boston (APP) 0 |
TOP OF THE 2ND |
Elizabethton Twins batting - Pitching for Boston (APP) Red Sox : RHP Jim Horwood
|
Batting: LHB Bill Lorimer
|
0-0: Ball 1-0: Ball 2-0: Ground out 5-3 (Groundball, 56, EV 99.4 MPH)
|
Batting: RHB Ned Scovell
|
0-0: Called Strike 0-1: Ball 1-1: Swinging Strike 1-2: Ball 2-2: Ball 3-2: Base on Balls
|
Batting: RHB Calvin Day
|
0-0: DOUBLE (Groundball, 5L, EV 110.0 MPH) Ned Scovell to third
|
Batting: LHB Joey Zamora
|
0-0: Called Strike 0-1: Ball 1-1: Foul Ball, location: 2F 1-2: Foul Ball, location: 2F 1-2: Ball 2-2: Strikes out swinging
|
Batting: RHB Hisao Takei
|
0-0: Ball 1-0: Ball 2-0: Ball 3-0: Base on Balls
|
Batting: RHB Braydon Garland
|
0-0: Ball 1-0: Swinging Strike 1-1: Called Strike 1-2: Foul Ball, location: 2F 1-2: Ball 2-2: Ball 3-2: Foul Ball, location: 2F 3-2: Base on Balls Ned Scovell scores Calvin Day to third Hisao Takei to second
|
Batting: RHB Nestor Moreno
|
0-0: Ball 1-0: GRAND SLAM HOME RUN (Flyball, 7LD, EV 92.5 MPH), Distance : 354 ft
|
Batting: RHB David McDonald
|
0-0: Ball 1-0: Ball 2-0: Foul Ball, location: 2F 2-1: Ball 3-1: Foul Ball, location: 2F 3-2: Foul Ball, location: 2F 3-2: Base on Balls
|
Batting: LHB Ryuuichi Shintani
|
0-0: Swinging Strike 0-1: Called Strike David McDonald steals 2nd base 0-2: Ball 1-2: SINGLE (Line Drive, 78S, EV 94.4 MPH) David McDonald to third Runner from 3rd tries for Home, SAFE, throw by LF to home
|
Pitching: RHP Du Kong
|
|
Batting: LHB Bill Lorimer
|
0-0: Called Strike 0-1: Ball 1-1: DOUBLE (Line Drive, 78M, EV 113.1 MPH) Ryuuichi Shintani to third Runner from 3rd tries for Home, SAFE, throw by LF to trailing runner, SAFE at third!
|
Batting: RHB Ned Scovell
|
0-0: Called Strike 0-1: Foul Ball, location: 2F 0-2: Strikes out swinging
|
Top of the 2nd over - 7 runs, 4 hits, 0 errors, 1 left on base; Elizabethton 7 - Boston (APP) 0 |
BOTTOM OF THE 2ND |
Boston (APP) Red Sox batting - Pitching for Elizabethton Twins : LHP Chris Smith
|
Batting: RHB Ryan Davis
|
0-0: Ground out 4-3 (Groundball, 4, EV 89.4 MPH)
|
Batting: RHB Mo Tsang
|
0-0: Ball 1-0: Foul Ball, location: 2F 1-1: Ball 2-1: Swinging Strike 2-2: Foul Ball, location: 2F 2-2: Foul Ball, location: 2F 2-2: Ball 3-2: Base on Balls
|
Batting: RHB Luis Nino
|
0-0: Foul Ball, location: 2F 0-1: Ball 1-1: Ball 2-1: Called Strike 2-2: Ball 3-2: Base on Balls Mo Tsang to second
|
Batting: LHB Kenny Jackson
|
0-0: Foul Ball, location: 2F 0-1: Ball 1-1: Called Strike 1-2: Strikes out swinging
|
Batting: RHB Estevan Carrillo
|
0-0: Ball 1-0: Foul Ball, location: 2F 1-1: Ball 2-1: Ball 3-1: Base on Balls Mo Tsang to third Luis Nino to second
|
Batting: RHB Bob Reichley
|
0-0: Called Strike 0-1: Foul Ball, location: 2F 0-2: Strikes out looking
|
Bottom of the 2nd over - 0 runs, 0 hits, 0 errors, 3 left on base; Elizabethton 7 - Boston (APP) 0 |
TOP OF THE 3RD |
Elizabethton Twins batting - Pitching for Boston (APP) Red Sox : RHP Du Kong
|
Batting: RHB Calvin Day
|
0-0: SOLO HOME RUN (Flyball, 9D, EV 93.1 MPH), Distance : 375 ft
|
Batting: LHB Joey Zamora
|
0-0: Ball 1-0: Fly out, F7 (Flyball, 7D, EV 93.8 MPH)
|
Batting: RHB Hisao Takei
|
0-0: Foul Ball, location: 2F 0-1: Fly out, F3 (Line Drive, 3, EV 72.5 MPH)
|
Batting: RHB Braydon Garland
|
0-0: Foul Ball, location: 2F 0-1: Ball 1-1: Ball 2-1: Foul Ball, location: 2F 2-2: Strikes out looking
|
Top of the 3rd over - 1 run, 1 hit, 0 errors, 0 left on base; Elizabethton 8 - Boston (APP) 0 |
BOTTOM OF THE 3RD |
Boston (APP) Red Sox batting - Pitching for Elizabethton Twins : LHP Chris Smith
|
Batting: RHB Felix Rangel
|
0-0: SOLO HOME RUN (Flyball, 78XD, EV 106.9 MPH), Distance : 414 ft
|
Batting: RHB Kirk Cully
|
0-0: Ground out 6-3 (Groundball, 6S, EV 76.2 MPH)
|
Batting: RHB Chris Zubia
|
0-0: Called Strike 0-1: Ball 1-1: Swinging Strike 1-2: Foul Ball, location: 2F 1-2: Strikes out looking
|
Batting: RHB Ryan Davis
|
0-0: Called Strike 0-1: Foul Ball, location: 2F 0-2: Ball 1-2: Strikes out swinging
|
Bottom of the 3rd over - 1 run, 1 hit, 0 errors, 0 left on base; Elizabethton 8 - Boston (APP) 1 |
TOP OF THE 4TH |
Elizabethton Twins batting - Pitching for Boston (APP) Red Sox : RHP Du Kong
|
Batting: RHB Nestor Moreno
|
0-0: Called Strike 0-1: Ball 1-1: Called Strike 1-2: Ball 2-2: Strikes out swinging
|
Batting: RHB David McDonald
|
0-0: Called Strike 0-1: Ball 1-1: Ball 2-1: Ball 3-1: Foul Ball, location: 2F 3-2: Base on Balls
|
Batting: LHB Ryuuichi Shintani
|
0-0: Called Strike 0-1: Ball 1-1: Ball 2-1: Called Strike 2-2: Foul Ball, location: 2F 2-2: Foul Ball, location: 2F 2-2: Ball 3-2: Fly out, F8 (Flyball, 8RS, EV 92.5 MPH)
|
Batting: LHB Bill Lorimer
|
0-0: SINGLE (Flyball, 8LS, EV 87.5 MPH) David McDonald to second
|
Batting: RHB Ned Scovell
|
0-0: Foul Ball, location: 2F 0-1: Fielders Choice at 2nd, 6-4 (Groundball, 6, EV 80.0 MPH)
|
Top of the 4th over - 0 runs, 1 hit, 0 errors, 2 left on base; Elizabethton 8 - Boston (APP) 1 |
BOTTOM OF THE 4TH |
Boston (APP) Red Sox batting - Pitching for Elizabethton Twins : LHP Chris Smith
|
Batting: RHB Mo Tsang
|
0-0: Foul Ball, location: 2F 0-1: Foul Ball, location: 2F 0-2: Ball 1-2: Fly out, F7 (Flyball, 78S, EV 85.6 MPH)
|
Pitching: RHP Brian Waldrip
|
|
Batting: RHB Luis Nino
|
0-0: Swinging Strike 0-1: Called Strike 0-2: Foul Ball, location: 2F 0-2: Ground out 6-3 (Groundball, 6, EV 98.8 MPH)
|
Batting: LHB Kenny Jackson
|
0-0: Foul Ball, location: 2F 0-1: Foul Ball, location: 2F 0-2: Ground out 4-3 (Groundball, 34, EV 81.2 MPH)
|
Bottom of the 4th over - 0 runs, 0 hits, 0 errors, 0 left on base; Elizabethton 8 - Boston (APP) 1 |
TOP OF THE 5TH |
Elizabethton Twins batting - Pitching for Boston (APP) Red Sox : RHP Du Kong
|
Batting: RHB Calvin Day
|
0-0: Ball 1-0: Foul Ball, location: 2F 1-1: Ball 2-1: Foul Ball, location: 2F 2-2: Foul Ball, location: 2F 2-2: Foul Ball, location: 2F 2-2: Strikes out looking
|
Batting: LHB Joey Zamora
|
0-0: SINGLE (Line Drive, 56, EV 105.6 MPH)
|
Batting: RHB Hisao Takei
|
0-0: Ball Wild Pitch! Joey Zamora to second 1-0: Foul Ball, location: 2F 1-1: Called Strike 1-2: Foul Ball, location: 2F 1-2: Foul Ball, location: 2F 1-2: Ball 2-2: Ball 3-2: Ground out 3-1 (Groundball, 34, EV 85.0 MPH) Joey Zamora to third
|
Batting: RHB Braydon Garland
|
0-0: Ball 1-0: Called Strike 1-1: Ball 2-1: SINGLE (Groundball, 34D, EV 95.6 MPH) Joey Zamora scores
|
Batting: RHB Nestor Moreno
|
0-0: Ball 1-0: Foul Ball, location: 2F 1-1: Ball 2-1: Fielders Choice at 2nd, 4-6 (Groundball, 6M, EV 82.5 MPH)
|
Top of the 5th over - 1 run, 2 hits, 0 errors, 1 left on base; Elizabethton 9 - Boston (APP) 1 |
BOTTOM OF THE 5TH |
Boston (APP) Red Sox batting - Pitching for Elizabethton Twins : RHP Brian Waldrip
|
Batting: RHB Estevan Carrillo
|
0-0: Ball 1-0: Ball 2-0: Foul Ball, location: 2F 2-1: Fly out, F7 (Flyball, 7LM, EV 98.8 MPH)
|
Batting: RHB Bob Reichley
|
0-0: Ball 1-0: Ball 2-0: Called Strike 2-1: Called Strike 2-2: Strikes out looking
|
Batting: RHB Felix Rangel
|
0-0: Foul Ball, location: 2F 0-1: Ball 1-1: Ball 2-1: Foul Ball, location: 2F 2-2: Strikes out swinging
|
Bottom of the 5th over - 0 runs, 0 hits, 0 errors, 0 left on base; Elizabethton 9 - Boston (APP) 1 |
TOP OF THE 6TH |
Elizabethton Twins batting - Pitching for Boston (APP) Red Sox : RHP Du Kong
|
Batting: RHB David McDonald
|
0-0: Swinging Strike 0-1: Called Strike 0-2: Foul Ball, location: 5F, Error on foul ball, E5 0-2: Ball 1-2: Foul Ball, location: 2F 1-2: Foul Ball, location: 2F 1-2: Ball 2-2: Ground out 6-3 (Groundball, 6, EV 101.2 MPH)
|
Pitching: RHP Steve Seaman
|
|
Batting: LHB Ryuuichi Shintani
|
0-0: Swinging Strike 0-1: Ball 1-1: Ball 2-1: Ball 3-1: Foul Ball, location: 2F 3-2: Fly out, F8 (Flyball, 8LM, EV 83.1 MPH)
|
Batting: LHB Bill Lorimer
|
0-0: Ball 1-0: Ball 2-0: SOLO HOME RUN (Flyball, 9LD, EV 95.0 MPH), Distance : 357 ft
|
Batting: RHB Ned Scovell
|
0-0: Ball 1-0: Ground out 6-3 (Groundball, 6, EV 83.1 MPH)
|
Top of the 6th over - 1 run, 1 hit, 1 error, 0 left on base; Elizabethton 10 - Boston (APP) 1 |
BOTTOM OF THE 6TH |
Boston (APP) Red Sox batting - Pitching for Elizabethton Twins : RHP Brian Waldrip
|
Batting: RHB Kirk Cully
|
0-0: Ball 1-0: Ball 2-0: Foul Ball, location: 2F 2-1: Called Strike 2-2: Fly out, F3 (Line Drive, 3, EV 66.2 MPH)
|
Batting: RHB Chris Zubia
|
0-0: Swinging Strike 0-1: Ball 1-1: Foul Ball, location: 2F 1-2: Foul Ball, location: 2F 1-2: Foul Ball, location: 2F 1-2: Strikes out swinging, 2-3 out at first.
|
Batting: SHB Jose Santiago
|
0-0: Called Strike 0-1: Ball 1-1: Ball 2-1: Swinging Strike 2-2: Fly out, F8 (Flyball, 8RD, EV 82.5 MPH)
|
Bottom of the 6th over - 0 runs, 0 hits, 0 errors, 0 left on base; Elizabethton 10 - Boston (APP) 1 |
TOP OF THE 7TH |
Elizabethton Twins batting - Pitching for Boston (APP) Red Sox : RHP Steve Seaman
|
Batting: RHB Calvin Day
|
0-0: Foul Ball, location: 2F 0-1: Ball 1-1: Ground out 6-3 (Groundball, 6, EV 88.1 MPH)
|
Batting: LHB Joey Zamora
|
0-0: Fly out, F8 (Flyball, 8LD, EV 81.9 MPH)
|
Batting: RHB Hisao Takei
|
0-0: Ball 1-0: Swinging Strike 1-1: Foul Ball, location: 2F 1-2: Ball 2-2: Ground out 5-3 (Groundball, 56, EV 98.8 MPH)
|
Top of the 7th over - 0 runs, 0 hits, 0 errors, 0 left on base; Elizabethton 10 - Boston (APP) 1 |
BOTTOM OF THE 7TH |
Boston (APP) Red Sox batting - Pitching for Elizabethton Twins : RHP Brian Waldrip
|
Batting: RHB Mo Tsang
|
0-0: Ball 1-0: Swinging Strike 1-1: SINGLE (Line Drive, 6MD, EV 104.4 MPH)
|
Batting: RHB Luis Nino
|
0-0: Ball 1-0: Called Strike 1-1: Ball 2-1: Foul Ball, location: 2F 2-2: Strikes out swinging
|
Pitching: LHP Bryce Alexander
|
|
Pinch Hitting: RHB Eric McClelland
|
0-0: Called Strike 0-1: Swinging Strike 0-2: 2-RUN HOME RUN (Flyball, 89XD, EV 112.5 MPH), Distance : 418 ft
|
Pinch Hitting: RHB Panam Palmer
|
0-0: Called Strike 0-1: Ball 1-1: Foul Ball, location: 2F 1-2: Ball 2-2: Ground out 2-3 (Groundball, 2L, EV 64.4 MPH)
|
Batting: RHB Bob Reichley
|
0-0: Swinging Strike 0-1: Called Strike 0-2: Ball 1-2: Strikes out swinging
|
Bottom of the 7th over - 2 runs, 2 hits, 0 errors, 0 left on base; Elizabethton 10 - Boston (APP) 3 |
TOP OF THE 8TH |
Elizabethton Twins batting - Pitching for Boston (APP) Red Sox : RHP Steve Seaman
|
Now at 1B: Eric McClelland
|
|
Now at SS: Bob Reichley
|
|
Now in LF: Panam Palmer
|
|
Batting: RHB Braydon Garland
|
0-0: Ball 1-0: Ball 2-0: Ball 3-0: Called Strike 3-1: Called Strike 3-2: Strikes out swinging
|
Batting: RHB Nestor Moreno
|
0-0: Called Strike 0-1: SINGLE (Line Drive, 7S, EV 104.4 MPH)
|
Batting: RHB David McDonald
|
0-0: Ball 1-0: Ball Nestor Moreno steals 2nd base 2-0: DOUBLE (Flyball, 7LM, EV 98.1 MPH) Nestor Moreno scores
|
Batting: LHB Ryuuichi Shintani
|
0-0: Ground out U3 (Groundball, 3, EV 85.6 MPH) David McDonald to third
|
Batting: LHB Bill Lorimer
|
0-0: Foul Ball, location: 2F 0-1: Swinging Strike 0-2: Strikes out looking
|
Top of the 8th over - 1 run, 2 hits, 0 errors, 1 left on base; Elizabethton 11 - Boston (APP) 3 |
BOTTOM OF THE 8TH |
Boston (APP) Red Sox batting - Pitching for Elizabethton Twins : LHP Bryce Alexander
|
Batting: RHB Felix Rangel
|
0-0: Foul Ball, location: 2F 0-1: Ball 1-1: Swinging Strike 1-2: Strikes out swinging
|
Batting: RHB Kirk Cully
|
0-0: Swinging Strike 0-1: Foul Ball, location: 2F 0-2: Foul Ball, location: 2F 0-2: Ball 1-2: Ball 2-2: Foul Ball, location: 2F 2-2: SINGLE (Flyball, 8LS, EV 85.0 MPH)
|
Batting: RHB Chris Zubia
|
0-0: Called Strike 0-1: Ball 1-1: Ball 2-1: Swinging Strike 2-2: Foul Ball, location: 2F 2-2: Foul Ball, location: 2F 2-2: Ball 3-2: Foul Ball, location: 2F 3-2: Strikes out swinging
|
Batting: SHB Jose Santiago
|
0-0: Called Strike 0-1: Foul Ball, location: 2F 0-2: Strikes out looking and he ARGUES THE CALL AND IS TOSSED!
|
Bottom of the 8th over - 0 runs, 1 hit, 0 errors, 1 left on base; Elizabethton 11 - Boston (APP) 3 |
TOP OF THE 9TH |
Elizabethton Twins batting - Pitching for Boston (APP) Red Sox : RHP Steve Seaman
|
Batting: RHB Ned Scovell
|
0-0: Foul Ball, location: 2F 0-1: Called Strike 0-2: Ball 1-2: Ball 2-2: Fly out, F2 (Popup, 5SF, EV 87.5 MPH)
|
Batting: RHB Calvin Day
|
0-0: Foul Ball, location: 2F 0-1: Ground out 5-3 (Groundball, 56, EV 85.0 MPH)
|
Batting: LHB Joey Zamora
|
0-0: Ball 1-0: Ball 2-0: Ball 3-0: Called Strike 3-1: Foul Ball, location: 2F 3-2: Base on Balls
|
Pitching: RHP Randy Williams
|
|
Pinch Hitting: LHB George Roben
|
0-0: Swinging Strike 0-1: Swinging Strike 0-2: Strikes out swinging
|
Top of the 9th over - 0 runs, 0 hits, 0 errors, 1 left on base; Elizabethton 11 - Boston (APP) 3 |
BOTTOM OF THE 9TH |
Boston (APP) Red Sox batting - Pitching for Elizabethton Twins : LHP Bryce Alexander
|
Now at C: Tim Wilton
|
|
Batting: RHB Mo Tsang
|
0-0: SOLO HOME RUN (Flyball, 9LD, EV 91.9 MPH), Distance : 339 ft
|
Batting: RHB Luis Nino
|
0-0: Called Strike 0-1: Called Strike 0-2: Foul Ball, location: 2F 0-2: Ground out 6-3 (Groundball, 6, EV 80.0 MPH)
|
Batting: RHB Eric McClelland
|
0-0: Called Strike 0-1: Called Strike 0-2: Strikes out swinging
|
Batting: RHB Panam Palmer
|
0-0: Called Strike 0-1: Fly out, F8 (Flyball, 89D, EV 91.2 MPH)
|
Bottom of the 9th over - 1 run, 1 hit, 0 errors, 0 left on base; Elizabethton 11 - Boston (APP) 4 |
|